[Event "AUT Bundesliga 2022-23"]
[Site "Jenbach"]
[Date "2022.11.05"]
[Round "3.21"]
[White "Roseneck, Jonas"]
[Black "Atlas, Valery"]
[Result "1-0"]
[ECO "B46"]
[WhiteElo "2414"]
[BlackElo "2412"]
[Annotator "TA"]
[PlyCount "81"]
[EventDate "2022.11.03"]
[EventType "team-tourn"]
[EventCountry "AUT"]
[SourceTitle "playchess.com"]
[Source "ChessBase"]
[SourceQuality "1"]
[TimeControl "40/5400+30:1800+30"]

1. e4 c5 2. Nf3 e6 3. d4 cxd4 4. Nxd4 Nc6 5. Nc3 a6 6. Be3 Qc7 7. g4 {[%emt 0:03:19] B48: Sicilian: Taimanov: 5 Nc3 Qc7 6 Be3 a6 without Be2.} b5 8. Nxc6 Qxc6 9. Qd2 {[%emt 0:01:03] The position is equal.} b4 10. Ne2 Bb7 11. O-O-O Nf6 12. f3 d5 13. g5 Nd7 {[%emt 0:01:06] [#]} 14. Kb1 $146 ({Predecessor:} 14. Nd4 Qc7 15. f4 dxe4 16. f5 e5 17. Nb3 a5 18. f6 a4 19. Bh3 Bc6 20. Bxd7+ Qxd7 {½-½ (29) Fier,A (2558)-Garcia Blanco,O (2344) Linares 2021}) 14... Qc7 15. exd5 Bxd5 16. Nf4 (16. Bg2 $5 ) 16... Bb7 (16... Bxf3 $11 17. Bg2 Bxd1 18. Bxa8 Bg4) 17. Bh3 (17. Be2 $14 {might be stronger.}) 17... Ne5 {[%emt 0:11:22] [#]} (17... Bxf3 $11 18. Bg2 Bxd1 19. Bxa8 Bg4) 18. Qf2 (18. Bxe6 $1 $14 {keeps the upper hand.} fxe6 19. Nxe6) 18... Be7 $2 {[%emt 0:03:11] [#]} (18... Bxf3 $17 {and life is bright.} 19. Bb6 Qc6) 19. Bb6 (19. Bxe6 $1 $16 {[%mdl 512] And now Bb6 would win.} fxe6 20. Nxe6) 19... Qc4 $1 $11 20. Bd4 Ng6 21. Nxg6 hxg6 22. Bg2 O-O ({Don't do} 22... Bd5 23. b3 Qc6 24. Bxg7 $14) (22... Bxg5 $15 23. Bxg7 Rh7) 23. h4 Rad8 $1 24. b3 Qb5 25. f4 {[%emt 0:02:38] Bxb7 is the strong threat.} (25. h5 $5 Qxg5 26. hxg6 $11) 25... Bxg2 (25... Rxd4 $5 26. Rxd4 Bc5 $11) 26. Qxg2 Bc5 (26... Qd5 $14 27. Qe2 Qc6) 27. Bb2 ({White should try} 27. Be5 $1 $16) 27... Bb6 (27... Qb6 $14) 28. Qe4 (28. Rde1 $1 $16 {Hoping for h5.} Qd5 29. Qh2) 28... a5 29. a4 (29. Be5 $5 ) 29... bxa3 30. Bxa3 Rxd1+ $1 31. Rxd1 Re8 (31... Rc8 $14) 32. Bb2 (32. h5 $1 $18 gxh5 33. Qb7) 32... Rf8 {[%emt 0:01:30] [#]} ({Black should play} 32... Rc8 $1 $14) 33. Rd6 {[%emt 0:01:06] White is more active.} (33. Qf3 $1 $16) 33... Bf2 34. h5 gxh5 {[%emt 0:00:31] [#]} 35. g6 $40 {[%emt 0:00:01][%mdl 128] White is up to no good.} ({Better is} 35. Qf3 $1 $16 ) 35... Qf5 36. gxf7+ Rxf7 (36... Qxf7 $2 37. Qc6 Qxf4 38. Rd7 $18) 37. Qa8+ Kh7 38. Rd8 {[%emt 0:00:18] Threatens to win with Rh8+.} h4 $2 (38... Qxf4 $11 39. Rh8+ Kg6) 39. Rh8+ $18 {[%emt 0:00:17] White is clearly winning.} Kg6 40. Qg2+ {[%emt 0:00:00][%mdl 64] Skewer, Double Attack} Bg3 41. Rxh4 $1 {[%emt 0:00:14] Weighted Error Value: White=0.32/Black=0.32} 1-0

[Event "AUT Bundesliga 2022-23"]
[Site "Jenbach"]
[Date "2022.11.05"]
[Round "3.22"]
[White "Brunner, Nicolas"]
[Black "Bauer, Sebastian"]
[Result "0-1"]
[ECO "E73"]
[WhiteElo "2448"]
[BlackElo "2291"]
[Annotator "ChessBase"]
[PlyCount "126"]
[EventDate "2022.11.03"]
[EventType "team-tourn"]
[EventCountry "AUT"]
[SourceTitle "playchess.com"]
[Source "ChessBase"]
[SourceQuality "1"]
[TimeControl "40/5400+30:1800+30"]

1. d4 Nf6 2. c4 g6 3. Nc3 Bg7 4. e4 d6 5. Be2 O-O 6. Be3 Na6 7. Nf3 e5 8. O-O Qe7 9. Bg5 exd4 10. Nd5 Qd8 11. Nxd4 c6 12. Nxf6+ Bxf6 13. Bxf6 Qxf6 14. Qd2 Nc5 15. f3 a5 16. b3 Rd8 17. Rad1 Be6 18. Qe3 Re8 19. Rfe1 h5 20. Bf1 Rac8 21. Ne2 Rcd8 22. Nc3 Bc8 23. Rd2 Ne6 24. Red1 Qe5 25. g3 g5 26. Bh3 g4 27. f4 Qf6 28. Bg2 Ng7 29. Qd4 Qh6 30. e5 dxe5 31. Qxd8 Rxd8 32. Rxd8+ Kh7 33. Rxc8 exf4 34. gxf4 Qxf4 35. Kh1 h4 36. Rf1 Qe5 37. Ne4 f5 38. Nf2 Nh5 39. Rf8 h3 40. Nxh3 gxh3 41. Bf3 Nf6 42. Bd1 Kg7 43. Rd8 Qb2 44. Rg1+ Kf7 45. Bf3 Qf2 46. Rd3 Qc2 47. Rgd1 Qf2 48. Rg1 Ng4 49. Bxg4 fxg4 50. Rdg3 Qe2 51. Rc1 Qxa2 52. Kg1 Qb2 53. Rf1+ Ke6 54. Rf4 Qa1+ 55. Kf2 Qh1 56. Rfxg4 Qxh2+ 57. Ke3 Qb2 58. Rh4 Qxb3+ 59. Kf2 Qc2+ 60. Kg1 Kd6 61. Rgxh3 a4 62. Rh7 Qb1+ 63. Kf2 a3 0-1

[Event "AUT Bundesliga 2022-23"]
[Site "Jenbach"]
[Date "2022.11.05"]
[Round "3.23"]
[White "Handler, Lukas"]
[Black "Breder, Dennis"]
[Result "1-0"]
[ECO "D45"]
[WhiteElo "2442"]
[BlackElo "2450"]
[Annotator "ChessBase"]
[PlyCount "75"]
[EventDate "2022.11.03"]
[EventType "team-tourn"]
[EventCountry "AUT"]
[SourceTitle "playchess.com"]
[Source "ChessBase"]
[SourceQuality "1"]
[TimeControl "40/5400+30:1800+30"]

1. d4 d5 2. c4 c6 3. Nf3 e6 4. e3 Nd7 5. Nc3 Ngf6 6. Be2 Bd6 7. O-O O-O 8. b3 b6 9. Bb2 Bb7 10. Bd3 Re8 11. Re1 c5 12. cxd5 exd5 13. Nb5 Bf8 14. Rc1 Ne4 15. Nc3 Re6 16. Bf1 Rc8 17. dxc5 Nxc3 18. Bxc3 bxc5 19. g3 c4 20. b4 Rh6 21. Nd4 Ne5 22. f4 Nc6 23. a3 Ne7 24. Qc2 Qd7 25. Bg2 Ra6 26. Qb2 Rh6 27. Rcd1 Re8 28. Bf3 Nc8 29. Qg2 Nb6 30. Qc2 Na4 31. Ba1 a5 32. Nf5 Rb6 33. Bg4 Kh8 34. Nxg7 Qxg4 35. Nxe8+ d4 36. Bxd4+ f6 37. Nxf6 Qf3 38. Qxh7# 1-0

[Event "AUT Bundesliga 2022-23"]
[Site "Jenbach"]
[Date "2022.11.05"]
[Round "3.24"]
[White "Atlas, Dmitry"]
[Black "Halvax, Georg"]
[Result "0-1"]
[ECO "B22"]
[WhiteElo "2238"]
[BlackElo "2432"]
[Annotator "TA"]
[PlyCount "98"]
[EventDate "2022.11.03"]
[EventType "team-tourn"]
[EventCountry "AUT"]
[SourceTitle "playchess.com"]
[Source "ChessBase"]
[SourceQuality "1"]
[TimeControl "40/5400+30:1800+30"]

1. e4 c5 2. c3 d5 3. exd5 Qxd5 4. d4 Nc6 5. Nf3 Bg4 6. Be2 cxd4 7. cxd4 e6 8. Nc3 Bb4 9. O-O Qa5 10. h3 {[%emt 0:04:19] was the old line (10.d5). B22: Sicilian: 2 c3.} Bf5 (10... Bxf3 $5 11. Bxf3 Nf6 $11) 11. Qb3 Nge7 $1 12. a3 {[%emt 0:05:45] The position is equal.} Bxc3 13. bxc3 Qc7 {[%emt 0:00:12] [#]} (13... O-O $11) 14. c4 $146 ({Predecessor:} 14. Be3 O-O 15. c4 Rfd8 16. Rfd1 Be4 17. Ng5 Na5 18. Qb2 Bg6 19. Rac1 Nf5 20. Nf3 Nxe3 21. fxe3 {1-0 (44) McDominique,L (2090)-Anabieza,C (1990) San Antonio 2014}) 14... O-O 15. Bb2 $36 {[%emt 0:07:33][%mdl 2048] White has the initiative.} Rac8 16. Ne5 (16. Rac1 $14) 16... Na5 17. Qb4 Rfd8 (17... f6 $5 18. Ng4 Ng6 $11) 18. Rfd1 f6 19. Ng4 (19. Nf3 $11) 19... b6 (19... b5 $1 $15 20. d5 Nxc4 21. Nxf6+ gxf6 22. Bxc4 a5) 20. Rac1 Ng6 21. g3 ({Better is} 21. Ne3 $14) 21... Be4 (21... Qe7 $11) 22. d5 f5 23. dxe6 (23. Nh2 $14) 23... fxg4 $11 {[%emt 0:02:21] Really sharp!} 24. Bxg4 {[%emt 0:02:49] This bishop pair is nice.} Ne5 {[%emt 0:05:26] Prevents Rd7. aiming for ...Nd3.} 25. Bxe5 (25. Qe1 $11 Rxd1 26. Rxd1 Naxc4 27. e7 Nxb2 28. Be6+ Kh8 29. Qxe4 Nxd1 30. Bxc8 Qxe7 31. Bg4) 25... Rxd1+ ({Black should play} 25... Qxe5 $17 26. Rd7 Nc6) 26. Rxd1 Qxe5 27. c5 (27. Qe7 $1 $11 {keeps the balance.} h5 28. f4) 27... Nc6 $17 28. Qc4 {[%emt 0:01:18] [#] e7+ is the strong threat.} Ne7 $2 {[%emt 0:00:34] [#]} (28... b5 $1 $17 29. Qe2 Re8) 29. cxb6 $1 h5 (29... Rxc4 $2 30. Rd8#) 30. Qd4 Qxd4 31. Rxd4 Rc1+ 32. Rd1 Rxd1+ 33. Bxd1 axb6 34. Bxh5 Nd5 35. f3 Bf5 36. Bf7+ Kf8 {[%emt 0:00:05] Hoping for ...Ne3.} 37. g4 Bc2 {[%emt 0:00:14] Strongly threatening ...Nc3.} 38. Kf2 Nc3 (38... Ke7 $17 {And now ...g5 would win.} 39. Kg3 Nc7) 39. Ke3 $15 Nb5 {[%emt 0:02:29] Black is more active.} 40. Kf4 $2 {[%emt 0:00:00][%mdl 8192] White does not recover from this.} (40. f4 $15) 40... Nxa3 $19 {[%emt 0:00:00] Threatens to win with ...b5.} 41. Ke5 Ke7 {[%emt 0:01:35] White must now prevent ...b5.} 42. f4 $2 (42. Kd5 g5 43. Bh5) 42... b5 43. f5 b4 44. Bg6 b3 {[%emt 0:03:12] ( -> ...b2)} 45. g5 Nc4+ 46. Kd4 Nd6 ({Stronger than} 46... b2 47. f6+ gxf6 48. gxf6+ Kxe6 49. Bxc2 $11) 47. Kc3 Bxf5 (47... Nxf5 $142 48. Bh5 Ne3) 48. Bxf5 Nxf5 49. Kxb3 Kxe6 {[%emt 0:00:06] Weighted Error Value: White=0.69/Black=0.30} 0-1

[Event "AUT Bundesliga 2022-23"]
[Site "Jenbach"]
[Date "2022.11.05"]
[Round "3.25"]
[White "Saric, Ivan"]
[Black "Bluebaum, Matthias"]
[Result "0-1"]
[ECO "C42"]
[WhiteElo "2668"]
[BlackElo "2647"]
[Annotator "ChessBase"]
[PlyCount "132"]
[EventDate "2022.11.03"]
[EventType "team-tourn"]
[EventCountry "AUT"]
[SourceTitle "playchess.com"]
[Source "ChessBase"]
[SourceQuality "1"]
[TimeControl "40/5400+30:1800+30"]

1. e4 e5 2. Nf3 Nf6 3. Nxe5 d6 4. Nf3 Nxe4 5. d4 d5 6. Bd3 Bd6 7. O-O O-O 8. c4 c6 9. Re1 Bf5 10. Qb3 Qd7 11. c5 Bc7 12. Nbd2 Re8 13. Nh4 Be6 14. Qc2 Na6 15. a3 Bg4 16. Re3 Bd8 17. Nhf3 Bf6 18. Nb3 Bxf3 19. Rxf3 Nc7 20. Be3 Ne6 21. Rd1 Qe7 22. Kf1 N6g5 23. Rf4 Kh8 24. h4 Ne6 25. Rf3 Bxh4 26. Bxe4 dxe4 27. Qxe4 Bf6 28. g3 Rad8 29. Kg2 Kg8 30. Rh1 g6 31. g4 Rd5 32. Rfh3 Nxd4 33. Qxe7 Rxe7 34. g5 Rxe3 35. Rxe3 Rxg5+ 36. Kf1 Ne6 37. Rh4 Bxb2 38. Rb4 Bxa3 39. Rxb7 Rf5 40. Rxa7 Bxc5 41. Nxc5 Rxc5 42. Rf3 Ng5 43. Rf6 Kg7 44. Rd6 Rc1+ 45. Ke2 Rc2+ 46. Ke3 Rc3+ 47. Ke2 Rc4 48. Rc7 c5 49. Rdc6 Re4+ 50. Kd3 Re1 51. Rxc5 Ne6 52. Rc1 Nf4+ 53. Kc2 Re2+ 54. Kd1 Rxf2 55. R7c2 Rxc2 56. Rxc2 g5 57. Rc5 Ne6 58. Ra5 h5 59. Ke2 f5 60. Ra6 Kf6 61. Kf3 h4 62. Ke3 g4 63. Ra8 h3 64. Rh8 Ke5 65. Rh5 Nf4 66. Rh8 Nd5+ 0-1

[Event "AUT Bundesliga 2022-23"]
[Site "Jenbach"]
[Date "2022.11.05"]
[Round "3.26"]
[White "Svane, Rasmus"]
[Black "Brkic, Ante"]
[Result "1-0"]
[ECO "B52"]
[WhiteElo "2615"]
[BlackElo "2602"]
[Annotator "ChessBase"]
[PlyCount "137"]
[EventDate "2022.11.03"]
[EventType "team-tourn"]
[EventCountry "AUT"]
[SourceTitle "playchess.com"]
[Source "ChessBase"]
[SourceQuality "1"]
[TimeControl "40/5400+30:1800+30"]

1. e4 c5 2. Nf3 d6 3. Bb5+ Bd7 4. Bxd7+ Nxd7 5. O-O Ngf6 6. d3 e6 7. c4 Ne5 8. Ne1 Be7 9. f4 Nc6 10. Nc3 O-O 11. g4 Ne8 12. f5 Nc7 13. Nf3 Qd7 14. Bf4 Rab8 15. Qd2 b5 16. Ne2 f6 17. Rad1 Ne5 18. Nxe5 dxe5 19. Be3 Rfd8 20. Qc2 Rb6 21. Nc3 b4 22. Na4 Rc6 23. Qf2 Na6 24. b3 Qc7 25. Rd2 Rd7 26. Kh1 Qd8 27. Rfd1 Bf8 28. Qf3 Rdc7 29. h4 Rd7 30. Bg1 Nc7 31. Rg2 Rf7 32. Rdd2 Qe7 33. Rg3 g5 34. Rh2 Bh6 35. Be3 gxh4 36. Rxh4 Bxe3 37. Qxe3 Rg7 38. Rh5 Ne8 39. Qf2 exf5 40. gxf5 Rxg3 41. Qxg3+ Qg7 42. Qf2 Qf8 43. Rh3 Rc7 44. Kg1 Qd6 45. Rg3+ Kf8 46. Qd2 Qd4+ 47. Kg2 Rg7 48. Rxg7 Nxg7 49. Qf2 Nh5 50. Nxc5 Qc3 51. Ne6+ Ke8 52. Qe2 Nf4+ 53. Nxf4 exf4 54. Kf3 Qc1 55. e5 Ke7 56. exf6+ Kxf6 57. Qe6+ Kg5 58. Qe7+ Kxf5 59. Qxh7+ Kg5 60. Qg7+ Kf5 61. Qg4+ Ke5 62. Qg5+ Ke6 63. Qd5+ Kf6 64. Qd4+ Ke6 65. Qe4+ Kd7 66. Qxf4 Qc2 67. Qd4+ Ke8 68. Qxa7 Qd1+ 69. Ke4 1-0

[Event "AUT Bundesliga 2022-23"]
[Site "Jenbach"]
[Date "2022.11.05"]
[Round "3.27"]
[White "Livaic, Leon"]
[Black "Donchenko, Alexander"]
[Result "1-0"]
[ECO "C77"]
[WhiteElo "2574"]
[BlackElo "2646"]
[Annotator "ChessBase"]
[PlyCount "61"]
[EventDate "2022.11.03"]
[EventType "team-tourn"]
[EventCountry "AUT"]
[SourceTitle "playchess.com"]
[Source "ChessBase"]
[SourceQuality "1"]
[TimeControl "40/5400+30:1800+30"]

1. e4 e5 2. Nf3 Nc6 3. Bb5 a6 4. Ba4 Nf6 5. d3 b5 6. Bb3 Bc5 7. Nc3 d6 8. Nd5 h6 9. c3 O-O 10. Nxf6+ Qxf6 11. Bd5 Bd7 12. Rg1 h5 13. h3 Rae8 14. Bg5 Qg6 15. Qd2 Ne7 16. Nh4 Qh7 17. Bxe7 Rxe7 18. Qg5 Rfe8 19. Nf5 Bxf5 20. exf5 Qh6 21. h4 Kf8 22. g4 hxg4 23. Rxg4 Qh8 24. Ke2 c6 25. Rag1 Rc7 26. Qxg7+ Ke7 27. f6+ Kd8 28. Qxh8 Rxh8 29. Rg8+ Rxg8 30. Rxg8+ Kd7 31. h5 1-0

[Event "AUT Bundesliga 2022-23"]
[Site "Jenbach"]
[Date "2022.11.05"]
[Round "3.28"]
[White "Wagner, Dennis"]
[Black "Kuljasevic, Davorin"]
[Result "1/2-1/2"]
[ECO "C54"]
[WhiteElo "2570"]
[BlackElo "2560"]
[Annotator "ChessBase"]
[PlyCount "175"]
[EventDate "2022.11.03"]
[EventType "team-tourn"]
[EventCountry "AUT"]
[SourceTitle "playchess.com"]
[Source "ChessBase"]
[SourceQuality "1"]
[TimeControl "40/5400+30:1800+30"]

1. e4 e5 2. Nf3 Nc6 3. Bc4 Bc5 4. c3 Nf6 5. d3 d6 6. Bg5 h6 7. Bh4 a5 8. Nbd2 g5 9. Bg3 Ba7 10. O-O Nh7 11. d4 h5 12. h4 g4 13. Ne1 O-O 14. Nd3 exd4 15. Kh1 Kh8 16. f3 dxc3 17. bxc3 Be3 18. Qe1 Bh6 19. Rb1 a4 20. Bd5 Ne7 21. Bxb7 Rb8 22. Bxc8 Rxb1 23. Qxb1 Qxc8 24. c4 Ng6 25. c5 Kg8 26. f4 Nf6 27. Qc2 Qa6 28. Re1 Re8 29. f5 Nf8 30. Bf4 Bg7 31. a3 N8d7 32. cxd6 cxd6 33. Nb4 Rc8 34. Nxa6 Rxc2 35. Nb4 Rc3 36. Re3 Rc1+ 37. Kh2 Ne5 38. Kg3 Ra1 39. Bg5 Ned7 40. Nc4 Rd1 41. Nxd6 Rxd6 42. e5 Rd4 43. exf6 Nxf6 44. Rd3 Rc4 45. Kf2 Rc5 46. Rd8+ Kh7 47. Ke3 Rxf5 48. Ra8 g3 49. Nd3 Ng4+ 50. Ke2 Nf2 51. Be3 Ne4 52. Bd2 Rd5 53. Rxa4 Rxd3 54. Rxe4 Rxa3 55. Bf4 Bf6 56. Re3 Ra2+ 57. Kf3 Bxh4 58. Bxg3 Bg5 59. Rb3 Kg6 60. Rb6+ f6 61. Rb3 Rc2 62. Bf2 h4 63. Rd3 Rb2 64. Be1 Ra2 65. Rb3 Kh5 66. Rd3 Ra4 67. Bd2 Ra2 68. Be1 Ra1 69. Bf2 Ra4 70. Rd4 Ra3+ 71. Ke2 Ra2+ 72. Kf3 Ra3+ 73. Ke2 f5 74. Rd3 Ra2+ 75. Kf3 Ra4 76. Rd4 Ra3+ 77. Ke2 Ra2+ 78. Kf3 Ra3+ 79. Ke2 Rb3 80. Rd3 Rb1 81. Kf3 Rb4 82. Rd4 Rb3+ 83. Ke2 h3 84. gxh3 Rxh3 85. Rd3 Rh2 86. Kf3 Rh3+ 87. Ke2 Rxd3 88. Kxd3 1/2-1/2

[Event "AUT Bundesliga 2022-23"]
[Site "Jenbach"]
[Date "2022.11.05"]
[Round "3.29"]
[White "Bosiocic, Marin"]
[Black "Acs, Peter"]
[Result "0-1"]
[ECO "A06"]
[WhiteElo "2548"]
[BlackElo "2572"]
[Annotator "ChessBase"]
[PlyCount "110"]
[EventDate "2022.11.03"]
[EventType "team-tourn"]
[EventCountry "AUT"]
[SourceTitle "playchess.com"]
[Source "ChessBase"]
[SourceQuality "1"]
[TimeControl "40/5400+30:1800+30"]

1. Nf3 d5 2. g3 g6 3. Bg2 Bg7 4. O-O e5 5. d3 Nc6 6. e4 dxe4 7. dxe4 Qxd1 8. Rxd1 Bg4 9. Be3 Nd4 10. Bxd4 exd4 11. Nbd2 Ne7 12. h3 Bxf3 13. Nxf3 Nc6 14. Ne1 O-O-O 15. f4 Na5 16. Bf1 c5 17. Rab1 Rhe8 18. e5 f6 19. exf6 Bxf6 20. b4 cxb4 21. Rxb4 Re3 22. Kg2 Ra3 23. Bd3 Rxa2 24. Nf3 Nc6 25. Rc4 Re8 26. g4 Kc7 27. g5 Bg7 28. h4 a6 29. h5 b5 30. Rxc6+ Kxc6 31. hxg6 hxg6 32. Bxg6 Rf8 33. Kg3 a5 34. Rh1 a4 35. Rh7 Bh8 36. Be4+ Kb6 37. g6 a3 38. Ne1 Rb8 39. g7 Bxg7 40. Rxg7 Ra1 41. Rg6+ Ka5 42. Nd3 Rc8 43. Rg7 Rg1+ 44. Bg2 Ra8 45. Nc1 Rxc1 46. Bxa8 Kb6 47. Rb7+ Ka6 48. Rb8 a2 49. Be4 Rg1+ 50. Bg2 Rxg2+ 51. Kxg2 Ka7 52. Rxb5 a1=Q 53. f5 Qc3 54. Re5 Qxc2+ 55. Kf3 d3 0-1

[Event "AUT Bundesliga 2022-23"]
[Site "Jenbach"]
[Date "2022.11.05"]
[Round "3.30"]
[White "Buhmann, Rainer"]
[Black "Saric, Ante"]
[Result "1-0"]
[ECO "A46"]
[WhiteElo "2561"]
[BlackElo "2510"]
[Annotator "ChessBase"]
[PlyCount "111"]
[EventDate "2022.11.03"]
[EventType "team-tourn"]
[EventCountry "AUT"]
[SourceTitle "playchess.com"]
[Source "ChessBase"]
[SourceQuality "1"]
[TimeControl "40/5400+30:1800+30"]

1. d4 Nf6 2. Nf3 d5 3. c4 e6 4. e3 Be7 5. b3 O-O 6. Bd3 c5 7. O-O cxd4 8. exd4 Nc6 9. Bb2 Nb4 10. Be2 b6 11. Nc3 Bb7 12. Ne5 Rc8 13. Rc1 Ne4 14. a3 Nxc3 15. Rxc3 Nc6 16. Ng4 dxc4 17. bxc4 Nxd4 18. Rd3 Nxe2+ 19. Qxe2 Qc7 20. Nh6+ Kh8 21. Qg4 f6 22. Qxe6 Qxc4 23. Qxc4 Rxc4 24. Rd7 Rc2 25. Rxe7 Rxb2 26. Rxb7 gxh6 27. Rxa7 Kg8 28. Rc1 Rf7 29. Ra4 b5 30. Rc8+ Rf8 31. Rg4+ Kf7 32. Rc7+ Ke6 33. g3 Ra2 34. Re4+ Kf5 35. Rf4+ Kg6 36. Rg4+ Kf5 37. h3 Rxa3 38. Rc5+ Ke6 39. Rxb5 Ra7 40. Rh5 f5 41. Rxh6+ Rf6 42. Rgh4 Rxh6 43. Rxh6+ Ke5 44. Kg2 Re7 45. Ra6 Rb7 46. h4 Rc7 47. h5 Rb7 48. f4+ Kd5 49. Rf6 Rb2+ 50. Kh3 Ke4 51. Rf7 h6 52. Rf6 Kf3 53. Rxh6 Rb1 54. Kh4 Rh1+ 55. Kg5 Kxg3 56. Ra6 1-0

[Event "AUT Bundesliga 2022-23"]
[Site "Jenbach"]
[Date "2022.11.05"]
[Round "3.31"]
[White "Vachier-Lagrave, Maxime"]
[Black "Markus, Robert"]
[Result "1-0"]
[ECO "C42"]
[WhiteElo "2747"]
[BlackElo "2615"]
[Annotator "ChessBase"]
[PlyCount "87"]
[EventDate "2022.11.03"]
[EventType "team-tourn"]
[EventCountry "AUT"]
[SourceTitle "playchess.com"]
[Source "ChessBase"]
[SourceQuality "1"]
[TimeControl "40/5400+30:1800+30"]

1. e4 e5 2. Nf3 Nf6 3. Nxe5 d6 4. Nf3 Nxe4 5. Nc3 Nf6 6. d4 Be7 7. Bd3 O-O 8. O-O Re8 9. Re1 Nbd7 10. a4 a5 11. Bf4 Nb6 12. d5 Bd7 13. Bf1 Bf8 14. Qd4 Rxe1 15. Rxe1 Bf5 16. Qd1 h6 17. h3 c6 18. dxc6 bxc6 19. b3 Nbd5 20. Nxd5 Nxd5 21. Bg3 Qd7 22. Nd4 Bg6 23. Bd3 Bxd3 24. Qxd3 Nb4 25. Qc3 d5 26. Nf3 Qf5 27. Re2 c5 28. Qd2 Nc6 29. Be5 d4 30. Bg3 Rc8 31. Ne5 Nxe5 32. Rxe5 Qg6 33. Qe2 c4 34. bxc4 Bb4 35. Rb5 Qc6 36. c5 Bxc5 37. Rxa5 Bb4 38. Rb5 Bf8 39. Qd3 Qxc2 40. Qxd4 Rc4 41. Qd8 Rc8 42. Qd7 Ra8 43. a5 Qe4 44. Kh2 1-0

[Event "AUT Bundesliga 2022-23"]
[Site "Jenbach"]
[Date "2022.11.05"]
[Round "3.32"]
[White "Horvath, Dominik"]
[Black "Esipenko, Andrey"]
[Result "1/2-1/2"]
[ECO "B14"]
[WhiteElo "2505"]
[BlackElo "2668"]
[Annotator "ChessBase"]
[PlyCount "59"]
[EventDate "2022.11.03"]
[EventType "team-tourn"]
[EventCountry "AUT"]
[SourceTitle "playchess.com"]
[Source "ChessBase"]
[SourceQuality "1"]
[TimeControl "40/5400+30:1800+30"]

1. e4 c6 2. d4 d5 3. exd5 cxd5 4. c4 Nf6 5. Nc3 e6 6. Nf3 Be7 7. Bd3 O-O 8. O-O Nc6 9. a3 dxc4 10. Bxc4 Nd5 11. Bxd5 exd5 12. Qb3 Bf6 13. Nxd5 Nxd4 14. Nxf6+ Qxf6 15. Nxd4 Qxd4 16. Be3 Qe4 17. Rac1 Be6 18. Qc2 Bd5 19. Qxe4 Bxe4 20. Rfd1 Bc6 21. Bc5 Rfe8 22. Re1 a5 23. f3 f6 24. Kf2 Kf7 25. Rxe8 Rxe8 26. Re1 Rxe1 27. Kxe1 a4 28. Kd2 g5 29. Ke3 h5 30. Bb6 1/2-1/2

[Event "AUT Bundesliga 2022-23"]
[Site "Jenbach"]
[Date "2022.11.05"]
[Round "3.33"]
[White "Maghsoodloo, Parham"]
[Black "Korpa, Bence"]
[Result "1-0"]
[ECO "E73"]
[WhiteElo "2721"]
[BlackElo "2496"]
[Annotator "ChessBase"]
[PlyCount "139"]
[EventDate "2022.11.03"]
[EventType "team-tourn"]
[EventCountry "AUT"]
[SourceTitle "playchess.com"]
[Source "ChessBase"]
[SourceQuality "1"]
[TimeControl "40/5400+30:1800+30"]

1. d4 Nf6 2. c4 g6 3. Nc3 Bg7 4. e4 d6 5. Be2 O-O 6. Bg5 c5 7. d5 e6 8. Nf3 exd5 9. cxd5 h6 10. Bh4 a6 11. a4 g5 12. Bg3 Nh5 13. Nd2 Nxg3 14. hxg3 Nd7 15. Nc4 Ne5 16. Ne3 Re8 17. O-O Rb8 18. Re1 Bd7 19. a5 Bc8 20. Qd2 b5 21. axb6 Rxb6 22. Ra2 Re7 23. Rea1 Ra7 24. Qd1 Qe8 25. Qf1 Bd7 26. Bxa6 Qb8 27. Qc1 Ng6 28. Bf1 Rbb7 29. Nc4 Rxa2 30. Rxa2 Ne5 31. Qa1 Kh7 32. Ra8 Qc7 33. Ne3 c4 34. Ncd1 Nd3 35. Qb1 Rb3 36. Qc2 Bb5 37. Bxd3 Rxd3 38. Qe2 Qb7 39. Ra2 Bd7 40. Ra1 Rd4 41. Qf3 Kg8 42. Nf5 Bxf5 43. Qxf5 Rd2 44. Ne3 Bd4 45. Ng4 Kg7 46. e5 Bxe5 47. Nxe5 Rxd5 48. Qd7 Qxd7 49. Nxd7 Rb5 50. Ra6 Rxb2 51. Rxd6 c3 52. Rc6 Rd2 53. Ne5 c2 54. Kh2 Rxf2 55. Nf3 f6 56. Nd4 h5 57. Nxc2 Rf1 58. Ne3 Re1 59. Nd5 Rf1 60. Rc3 Rd1 61. Rc7+ Kg6 62. Rd7 Re1 63. Rd6 Rf1 64. g4 hxg4 65. Kg3 Kf7 66. Kxg4 Kg6 67. Kh3 Rh1+ 68. Kg3 Rf1 69. Kh2 Kg7 70. g4 1-0

[Event "AUT Bundesliga 2022-23"]
[Site "Jenbach"]
[Date "2022.11.05"]
[Round "3.34"]
[White "Nagy, Gabor"]
[Black "Moussard, Jules"]
[Result "1/2-1/2"]
[ECO "A28"]
[WhiteElo "2488"]
[BlackElo "2686"]
[Annotator "ChessBase"]
[PlyCount "129"]
[EventDate "2022.11.03"]
[EventType "team-tourn"]
[EventCountry "AUT"]
[SourceTitle "playchess.com"]
[Source "ChessBase"]
[SourceQuality "1"]
[TimeControl "40/5400+30:1800+30"]

1. c4 e5 2. Nc3 Nf6 3. Nf3 Nc6 4. d3 d5 5. cxd5 Nxd5 6. e4 Nxc3 7. bxc3 Bc5 8. Be2 O-O 9. O-O Re8 10. Qc2 Bg4 11. h3 Bh5 12. Rb1 Bb6 13. g4 Bg6 14. Kg2 Qe7 15. a4 Rab8 16. Qa2 Kh8 17. Rb5 f6 18. Nh4 Bf7 19. Qc2 g6 20. Qd2 a6 21. Rb1 Ba5 22. Nf3 Nd8 23. Qc2 c5 24. d4 exd4 25. cxd4 Nc6 26. dxc5 Qxe4 27. Qxe4 Rxe4 28. Be3 Rxa4 29. Rfd1 Be8 30. Rd6 Bd8 31. g5 fxg5 32. Nxg5 Be7 33. Rdd1 Ne5 34. Ne6 Bc6+ 35. Kg1 Re8 36. Nc7 Rd8 37. Rxd8+ Bxd8 38. Ne6 Bf6 39. Bd4 Bd5 40. Rb6 Kg8 41. Rd6 Bxe6 42. Bxe5 Bxe5 43. Rxe6 Bd4 44. c6 bxc6 45. Rxc6 a5 46. Kg2 Kg7 47. Rc4 Ra2 48. Rxd4 Rxe2 49. Rd7+ Kg8 50. Ra7 Re5 51. f4 Rd5 52. Kf3 h6 53. h4 Kf8 54. Ke4 Rh5 55. Ra8+ Ke7 56. Ra7+ Kf8 57. Ra8+ Kf7 58. Ra7+ Ke8 59. Ra6 a4 60. Rxa4 Rxh4 61. Ke5 Kf7 62. Ra7+ Kg8 63. Kf6 Rxf4+ 64. Kxg6 Kf8 65. Kxh6 1/2-1/2

[Event "AUT Bundesliga 2022-23"]
[Site "Jenbach"]
[Date "2022.11.05"]
[Round "3.35"]
[White "Naiditsch, Arkadij"]
[Black "Mesaros, Florian"]
[Result "1/2-1/2"]
[ECO "C84"]
[WhiteElo "2667"]
[BlackElo "2404"]
[Annotator "ChessBase"]
[PlyCount "67"]
[EventDate "2022.11.03"]
[EventType "team-tourn"]
[EventCountry "AUT"]
[SourceTitle "playchess.com"]
[Source "ChessBase"]
[SourceQuality "1"]
[TimeControl "40/5400+30:1800+30"]

1. e4 e5 2. Nf3 Nc6 3. Bb5 a6 4. Ba4 Nf6 5. O-O Be7 6. d3 b5 7. Bb3 d6 8. a4 Bd7 9. h3 O-O 10. Nc3 Rb8 11. axb5 axb5 12. Bd2 h6 13. Nd5 Nxd5 14. exd5 Nd4 15. Nxd4 exd4 16. Ra5 Ra8 17. Qa1 Qb8 18. Qa3 Qb7 19. Ra1 Rxa5 20. Qxa5 Rb8 21. Qa7 f5 22. Qxd4 Bf6 23. Qe3 Bxb2 24. Ra7 Qc8 25. c3 Ra8 26. Kh2 Ba3 27. Rxa8 Qxa8 28. h4 Bc5 29. d4 Bb6 30. Kg3 Kf8 31. h5 Qa3 32. Bd1 Qa1 33. Qf3 Qb2 34. Qd3 1/2-1/2